 Dungeon Crawl Stone Soup version 0.29-a0-384-g6960b1960d (webtiles) character file.

Game seed: 17900697030045216980

71 bjtr the Vexing (level 4, 0/22 HPs)
             Began as a Spriggan Arcane Marksman on May 8, 2022.
             Killed from afar by Natasha (9 damage)
             ... with a magic dart
             ... on level 3 of the Dungeon.
             The game lasted 00:09:16 (2315 turns).

bjtr the Vexing (Spriggan Arcane Marksman)          Turns: 2315, Time: 00:09:16

Health: 0/22       AC:  9    Str:  6    XL:     4   Next: 5%
Magic:  8/8        EV: 17    Int: 14    God:
Gold:   119        SH:  0    Dex: 17    Spells: 0/7 levels left

rFire   . . .      SeeInvis +   b - +0 dagger (protect)
rCold   . . .      Faith    .   (no shield)
rNeg    . . .      Spirit   .   i - +0 robe
rPois   .          Reflect  .   (helmet restricted)
rElec   .          Harm     .   (no cloak)
rCorr   .          Rampage  .   (gloves unavailable)
Will    .....                   (boots unavailable)
Stlth   ++........              (no amulet)
HPRegen 0.07/turn               (no ring)
MPRegen 0.11/turn               (no ring)

@: under a protective aura, very quick
A: very small, no large weapons, unfitting armour, see invisible, speed 3
a: no special abilities


You were on level 3 of the Dungeon.
You visited 1 branch of the dungeon, and saw 4 of its levels.

You collected 119 gold pieces.

Inventory:

Hand Weapons
 a - a +0 shortbow
 b - a +0 dagger of protection (weapon)
 j - a +0 hunting sling
 m - a +0 rapier
Armour
 i - a +0 robe (worn)
Jewellery
 k - a ring of resist corrosion
Scrolls
 c - a scroll of vulnerability
 d - 2 scrolls of teleportation {unknown}
 e - 3 scrolls of identify {unknown}
 f - a scroll of magic mapping {unknown}
 h - a scroll of silence {unknown}
 l - a scroll of enchant armour {unknown}
Potions
 g - a potion of degeneration {unknown}
 n - a potion of haste {unknown}


   Skills:
 + Level 1.0 Fighting
 * Level 4.0 Bows
 + Level 2.9 Dodging
 * Level 1.1 Stealth
 * Level 2.0 Spellcasting
 * Level 4.3 Hexes


You couldn't memorise any spells.
You knew the following spells:

 Your Spells              Type           Power      Damage    Failure   Level
a - Slow                  Hex            52%        N/A       4%          1
b - Inner Flame           Hex/Fire       7%         N/A       28%         3
c - Portal Projectile     Hex/Tloc       14%        N/A       28%         3

Your spell library contained the following spells:

 Spells                   Type           Power      Damage    Failure   Level
 Shock                    Conj/Air       4%         1d3       24%         1
 Cause Fear               Hex            6%         N/A       36%         4
 Swiftness                Air            1%         N/A       56%         3
 Airstrike                Air            0%         N/A       93%         4


Dungeon Overview and Level Annotations

Branches:
Dungeon (4/15)
 Temple: D:4-7

Altars:
Beogh

Annotations:
D:3 Natasha


Innate Abilities, Weirdness & Mutations

You are very small and have problems with some larger weapons.
You are too small for most types of armour.
You have supernaturally acute eyesight. (SInv)
You cover ground extremely quickly. (Speed+++)


Message History

Natasha casts a spell at you. The magic dart hits you!
Unknown command.
Shoot: a) +0 shortbow
Press: ? - help, Shift-Dir - straight line, f/p - Natasha
Aim: Natasha (lightly wounded, 55% to hit)
You shoot an arrow. The arrow closely misses Natasha.
Shoot: a) +0 shortbow
Press: ? - help, Shift-Dir - straight line, f/p - Natasha
Aim: Natasha (lightly wounded, 55% to hit)
You shoot an arrow. The arrow closely misses Natasha.
Shoot: a) +0 shortbow
Press: ? - help, Shift-Dir - straight line, f/p - Natasha
Aim: Natasha (lightly wounded, 55% to hit)
You shoot an arrow. The arrow barely misses Natasha.
Natasha claws you.
Your +0 dagger of protection hums with potential!
b - a +0 dagger of protection (weapon)
Natasha misses you.
You closely miss Natasha.
Natasha is lightly wounded.
Natasha claws you.
You hit Natasha.
Your weapon exudes an aura of protection.
Natasha is moderately wounded.
Natasha claws you.
You hit Natasha.
Natasha is heavily wounded.
Natasha closely misses you.
You barely miss Natasha.
Natasha is heavily wounded.
Natasha drinks a potion.
Natasha is healed!
You hit Natasha.
Natasha is lightly wounded.
Natasha hisses.
Natasha closely misses you.
You hit Natasha.
Natasha is lightly wounded.
Natasha casts a spell at you. The magic dart hits you!
You die...

##.##.....#
##........
####.......##
#........>..#
#.$.......#
#....>....#
#......?..#
#.h..........
#@........###
#.<.......#
#.........#
#......$.(#
#.........#
##.......##
##.....##
######


You could see Natasha.

Vanquished Creatures
  2 adders (D:2)
  A worm (D:2)
  2 dart slugs
  2 orcs (D:2)
  5 ball pythons
  A bat (D:1)
  An endoplasm (D:1)
  5 giant cockroaches
  4 goblins
  5 hobgoblins
  6 quokkas
  2 frilled lizards
  A kobold (D:1)
  3 rats
40 creatures vanquished.

Notes
Turn   | Place    | Note
-------+----------+-------------------------------------------
     0 | D:1      | bjtr the Spriggan Arcane Marksman began the quest for the
                  | Orb.
     0 | D:1      | Reached XP level 1. HP: 9/9 MP: 3/3
    69 | D:1      | Reached XP level 2. HP: 12/14 MP: 5/5
   809 | D:2      | Reached skill level 1 in Stealth
   927 | D:2      | Reached XP level 3. HP: 9/17 MP: 6/6
  1640 | D:2      | You fall into a shaft and drop 2 floors!
  1710 | D:3      | Noticed Natasha
  2178 | D:2      | Reached skill level 1 in Fighting
  2178 | D:2      | Reached XP level 4. HP: 22/22 MP: 8/8
  2190 | D:2      | Found a faded altar of an unknown god.
  2216 | D:2      | Learned a level 3 spell: Inner Flame
  2220 | D:2      | Learned a level 3 spell: Portal Projectile
  2315 | D:3      | Killed from afar by Natasha

Illustrated notes

Levels and vault maps discovered:
D:1:      evilmike_arrival_plus, layout_rooms
D:2:      layout_loops_ring, hellmonk_ecumenical_altar_defaced_shrine
D:3:      layout_rooms, mainiacjoe_overflow_alcove_1, serial_shops, shop,
          uniq_ijyb, uniq_grinder, uniq_natasha
D:4:      layout_cave_pools, okawaru_ov_weapons_minmay, lightli_corner_chamber

Skill      XL: |  1  2  3 |
---------------+----------+-----
Hexes          | 4 |  4.3
Bows           | 3 4 |  4.0
Stealth        | 1 |  1.1
Spellcasting   | 2 |  2.0
Fighting       | 1 |  1.0
Dodging        | |  2.9

Action                   |  1- 3 |  4- 6 || total
-------------------------+-------+-------++-------
Melee: Dagger            |     3 |     6 ||     9
 Fire: Shortbow          |   110 |    12 ||   122
 Cast: Slow              |    10 |     2 ||    12
Armor: Robe              |     7 |     2 ||     9
Dodge: Dodged            |    28 |     6 ||    34

Table legend: (Time is in decaauts)
 A = Elapsed time spent in this place.
 B = Non-inter-level travel time spent in this place.
 C = Inter-level travel time spent in this place.
 D = Time resting spent in this place.
 E = Time spent auto-exploring this place.
 F = Levels seen in this place.
 G = Mean time per level.
                   A        B        C        D        E       F      G
               +--------+--------+--------+--------+--------+-----+--------+
         Total |   1912 |   1873 |     39 |    834 |    716 |   4 |  478.0 |
       Dungeon |   1912 |   1873 |     39 |    834 |    716 |   4 |  478.0 |
               +--------+--------+--------+--------+--------+-----+--------+

Top non-repeatable levels by time:
     D:2: 1195 daAuts
     D:1: 625 daAuts
     D:4: 68 daAuts
     D:3: 23 daAuts
